 Dungeon Crawl Stone Soup version 0.14-a0-2374-ge879b5e (webtiles) character file.

233 Mitsuki the Vexing (level 4, -4/30 HPs)
             Began as a Vampire Enchanter on Feb 1, 2014.
             Slain by Grinder (7 damage)
             ... while paralysed by Grinder
             ... on Level 3 of the Dungeon.
             The game lasted 00:06:31 (1856 turns).

Mitsuki the Vexing (Vampire Enchanter)              Turns: 1856, Time: 00:06:32

HP  -4/30        AC  3     Str  8      XL: 4   Next: 44%
MP   5/7         EV  2     Int 17      God:
Gold 135         SH  0     Dex 14      Spells:  3 memorised,  1 level left

rFire  . . .     SeeInvis +     a - +1 dagger
rCold  . . .     Clarity  .     b - +1 robe
rNeg   . . .     Conserve .     (no shield)
rPois  .         rCorr    .     (no helmet)
rElec  .         rRot     .     (no cloak)
SustAb . .       Spirit   .     (no gloves)
rMut   .         Warding  .     (no boots)
Saprov . . .     Stasis   .     (no amulet)
MR     .....                    (no ring)
                                (no ring)

@: paralysed, regenerating quickly, not resistant to hostile enchantments, quite
stealthy
A: fangs 3, see invisible, unbreathing
a: no special abilities


You were on level 3 of the Dungeon.
You were full.

You visited 1 branch of the dungeon, and saw 3 of its levels.

You collected 135 gold pieces.

Inventory:

Hand weapons
 a - a +1,+1 dagger (weapon)
Missiles
 d - 12 darts (quivered)
Armour
 b - a +1 robe (worn)
Scrolls
 g - a scroll of magic mapping {unknown}
 h - 2 scrolls of identify {unknown}
 k - a scroll of random uselessness {unknown}
 m - a scroll of enchant weapon II {unknown}
 n - a scroll of teleportation {unknown}
 o - a scroll of immolation {unknown}
Potions
 e - a potion of blood
 f - 2 potions of curing
 i - a potion of might {unknown}
 j - a potion of resistance {unknown}
 l - 2 potions of invisibility {unknown}
Books
 c - a book of Maledictions

   Spells                             Type                      Level
   *Corona                            Hexes                        1
   Sure Blade                         Hexes/Charms                 2
   *Ensorcelled Hibernation           Hexes/Ice                    2
   *Confuse                           Hexes                        3
   Enslavement                        Hexes                        4
   Invisibility                       Hexes                        6


   Skills:
 - Level 1.1 Short Blades
 - Level 0.7 Throwing
 - Level 2.1 Dodging
 + Level 5.5 Stealth
 - Level 2.0 Spellcasting
 - Level 6.3 Hexes


You had one spell level left.
You knew the following spells:

 Your Spells              Type           Power        Failure   Level  Hunger
a - Corona                Hex            ###....      1%          1    #......
b - Ensorcelled Hibernat  Hex/Ice        ##....       10%         2    ###....
c - Confuse               Hex            ###.....     6%          3    ####...


Dungeon Overview and Level Annotations

Branches:
Dungeon (3/16)

Altars:

Annotations:
D:3 Grinder, Terence


Innate Abilities, Weirdness & Mutations

Your natural rate of healing is unusually fast.
You have razor-sharp teeth.*
You have supernaturally acute eyesight.
You can survive without breathing.*


Message History

Grinder is lightly wounded.
You hit Grinder but do no damage. You bite Grinder, but do no damage.
Grinder is lightly wounded.
Grinder barely misses you.
You hit Grinder. You bite Grinder, but do no damage.
Grinder is lightly wounded.
Grinder seems less confused.
Grinder gestures at you.
You suddenly lose the ability to move!
Grinder hits you.
You writhe in agony.
Grinder hits you.
You writhe in agony.
Grinder hits you.
You writhe in agony.
Grinder gestures at you.
You barely resist. Grinder hits you!
* * * LOW HITPOINT WARNING * * *
You writhe in agony.
* * * LOW HITPOINT WARNING * * *
Grinder hits you!
You die...

######.......##.#...
#............##.#...
#.####.......##%#...
#.# #.......##.#...
#.####.#'#'####.#...
#......#.#.####.####
#####..#.#.#........
##+########.#.#.##.####
#.....@.....#.#.<#.#
#....5#######.#..#.#
#...?.# #.#..#.#
.........# #.#..#.#
........# #.#..#.#
......... #..#.#
+#######@ ####. .. ##


You could see Grinder.

Vanquished Creatures
  A gnoll (D:2)
  6 adders
  2 giant geckos (D:1)
  3 giant cockroaches
  4 goblins (D:1)
  5 hobgoblins
  3 kobolds
  A quokka (D:3)
  3 bats (D:1)
  2 giant newts (D:3)
  6 rats
36 creatures vanquished.

Notes
Turn   | Place    | Note
--------------------------------------------------------------
     0 | D:1      | Mitsuki, the Vampire Enchanter, began the quest for the Orb.
     0 | D:1      | Reached XP level 1. HP: 13/13 MP: 3/3
   225 | D:1      | Reached skill level 5 in Hexes
   344 | D:1      | Reached XP level 2. HP: 17/19 MP: 4/4
   659 | D:1      | Learned a level 2 spell: Ensorcelled Hibernation
   919 | D:2      | Reached XP level 3. HP: 17/24 MP: 0/6
  1258 | D:2      | Reached skill level 6 in Hexes
  1576 | D:3      | Reached XP level 4. HP: 27/30 MP: 0/7
  1607 | D:3      | Learned a level 3 spell: Confuse
  1647 | D:3      | Reached skill level 5 in Stealth
  1835 | D:3      | Noticed Grinder
  1835 | D:3      | Noticed Terence
  1850 | D:3      | Paralysed by Grinder for 6 turns
  1856 | D:3      | Slain by Grinder

Action                   |  1- 3 |  4- 6 || total
-------------------------+-------+-------++-------
Melee: Dagger            |    97 |    15 ||   112
 Cast: Ensorcelled Hiber |     6 |     7 ||    13
       Confuse           |       |     1 ||     1
  Use: Potion            |     1 |       ||     1
 Stab: Sleeping          |    10 |     5 ||    15
